AoeStats
← gazza17

Arena

517895444Analyzed
4v4 RM · 5d ago on Nov 1, 2026· 39m 7s· 8 players
Game mode
Random Map
Map size
Large (8 player)
Population
200
Speed
Normal
Resources
Standard
Victory
Conquest
Starting age
Dark Age
Ending age
Imperial Age
RankedLock teamsTeams togetherTeam positionsShared explorationLock speedFull tech treeHidden civsTurbo modeCheats
Victory
Defeat
🇬🇧 Maya · United Kingdom
995
+16
🇵🇪 Lithuanians · Peru
961
+17
🇨🇳 Vietnamese · China
944
+18
🇯🇵 Franks · Japan
901
+20
vs
🇦🇷 Bohemians · Argentina
1007
-19
🇹🇼 Britons · Taiwan
996
-18
🇹🇼 Wu · Taiwan
993
-18
🇮🇳 Cumans · India
953
-16
gazza17
0:29 Loom
10:25 Feudal Age
15:22 Castle Age
13:16 Horse Collar
14:32 Fletching
14:58 Double-Bit Axe
17:26 Bow Saw
18:10 Heavy Plow
22:19 Stone Mining
23:14 Bodkin Arrow
23:20 Padded Archer Armor
23:56 Crossbowman
25:52 Wheelbarrow
25:55 Leather Archer Armor
26:08 Ballistics
27:11 Gold Mining
28:40 Hand Cart
32:37 Imperial Age
31:20 Forging
31:10 Scale Mail Armor
31:41 Thumb Ring
31:38 Town Watch
32:39 Iron Casting
33:25 Bracer
33:55 Ring Archer Armor
32:48 Arbalester
34:47 Chemistry
33:37 Heated Shot
33:58 Fortified Wall
36:49 Conscription
39:02 Two-Man Saw
38:35 Crop Rotation
仰枫
10:43 Feudal Age
11:07 Loom
14:48 Castle Age
16:11 Double-Bit Axe
16:14 Horse Collar
22:09 Fletching
23:19 Padded Archer Armor
28:12 Gold Mining
34:01 Bow Saw
33:53 Heavy Plow
34:33 Wheelbarrow
33:36 Elite Skirmisher
38:26 Imperial Age
37:07 Thumb Ring
37:22 Leather Archer Armor
39:04 Bodkin Arrow
39:40 Ring Archer Armor
38:40 Imperial Skirmisher
MACS-X
11:41 Feudal Age
15:46 Castle Age
14:00 Double-Bit Axe
13:57 Horse Collar
17:47 Wheelbarrow
20:01 Fervor
20:32 Loom
24:41 Heavy Plow
24:54 Bow Saw
24:37 Stone Mining
25:25 Gold Mining
28:59 Imperial Age
27:08 Scale Barding Armor
27:13 Forging
28:10 Bloodlines
28:00 Husbandry
29:21 Chain Barding Armor
29:32 Cavalier
31:10 Plate Barding Armor
31:10 Iron Casting
34:25 Conscription
35:02 Paladin
37:34 Chemistry
36:55 Ballistics
37:09 Squires
37:22 Pikeman
37:47 Arson
Loopia
9:52 Loom
13:26 Feudal Age
15:11 Wheelbarrow
14:22 Town Watch
14:25 Double-Bit Axe
18:33 Castle Age
19:41 Bow Saw
19:57 Stone Mining
20:00 Gold Mining
21:10 Forging
21:45 Scale Barding Armor
25:50 Hand Cart
26:58 Iron Casting
30:09 Town Patrol
34:08 Imperial Age
32:14 Husbandry
33:04 Light Cavalry
34:34 Cavalier
36:28 Conscription
37:26 Caravan
36:59 Paladin
39:19 Chemistry
38:46 Ballistics
40:39 Blast Furnace
Lincold
1:03 Loom
13:05 Feudal Age
13:30 Horse Collar
13:36 Double-Bit Axe
19:14 Castle Age
21:13 Bow Saw
21:08 Caravan
22:32 Heavy Plow
30:05 Imperial Age
30:10 Chemistry
33:04 Forging
32:54 Scale Mail Armor
32:17 Pikeman
33:01 Halberdier
34:23 Iron Casting
35:56 Chain Mail Armor
37:35 Plate Mail Armor
JAS
10:40 Feudal Age
14:53 Castle Age
13:21 Double-Bit Axe
13:37 Horse Collar
14:18 Loom
21:26 Gold Mining
22:15 Bow Saw
22:25 Stone Mining
24:25 Wheelbarrow
24:58 Bloodlines
26:02 Forging
25:59 Scale Barding Armor
27:10 Heavy Plow
30:27 Iron Casting
30:14 Chain Barding Armor
33:41 Imperial Age
32:07 Hand Cart
34:37 Elite Steppe Lancer
35:42 Conscription
35:27 Steppe Husbandry
36:17 Plate Barding Armor
36:43 Blast Furnace
35:56 Squires
37:11 Scale Mail Armor
37:05 Fletching
37:15 Padded Archer Armor
37:13 Pikeman
39:04 Two-Man Saw
Tranquil
10:28 Feudal Age
8:45 Loom
12:30 Double-Bit Axe
16:05 Castle Age
15:13 Horse Collar
16:28 Wheelbarrow
15:48 Stone Mining
17:36 Bow Saw
28:50 Treadmill Crane
30:37 Gold Mining
32:03 Fortified Wall
34:46 Masonry
34:43 Fletching
34:53 Padded Archer Armor
36:31 Gold Shaft Mining
37:33 Hand Cart
37:36 Bodkin Arrow
37:41 Padded Archer Armor
38:51 Pikeman
39:31 Squires
39:16 Arson
39:57 Yeomen
老多金仙人
2:02 Loom
7:26 Loom
10:27 Feudal Age
10:56 Double-Bit Axe
12:06 Wheelbarrow
18:12 Castle Age
17:07 Horse Collar
18:02 Gold Mining
18:54 Stone Mining
23:10 Fervor
23:25 Scale Barding Armor
23:40 Bloodlines
25:35 Forging
27:16 Chain Barding Armor
28:12 Fletching
28:48 Bodkin Arrow
30:00 Bow Saw
32:23 Red Cliffs Tactics
33:03 Ballistics
32:25 Treadmill Crane
35:19 Hand Cart
37:40 Imperial Age
36:47 Iron Casting
37:17 Husbandry
37:45 Heavy Hei Guang Cavalry
39:28 Bracer
Connection lost

Rejoining the realm…

Still unreachable

The connection could not be restored.

Session expired

The server has moved on; the page needs a fresh start.